 Dungeon Crawl Stone Soup version 0.21.1-1-g345015f (webtiles) character file.

133 Gartch5 the Digger (level 5, -2/28 HPs)
             Began as a Gargoyle Earth Elementalist on Feb 27, 2018.
             Slain by Grinder (3 damage)
             ... while paralysed by Grinder
             ... on level 2 of the Dungeon on May 12, 2018.
             The game lasted 00:36:55 (4454 turns).

Gartch5 the Digger (Gargoyle Earth Elementalist)    Turns: 4454, Time: 00:36:56

Health: -2/28      AC: 10    Str: 12    XL:     5   Next: 16%
Magic:  8/8        EV:  2    Int: 15    God:
Gold:   145        SH:  0    Dex: 11    Spells: 7/8 levels left

rFire    . . .     SeeInvis .   f - +0 whip
rCold    . . .     Gourm    .   (no shield)
rNeg     + . .     Faith    .   i - +1 ring mail
rPois    ∞         Spirit   .   (no helmet)
rElec    +         Reflect  .   (no cloak)
rCorr    .         Harm     .   (no gloves)
MR       .....                  (no boots)
Stlth    +.........             (no amulet)
HPRegen  0.09/turn              (no ring)
MPRegen  0.11/turn              (no ring)

@: paralysed
A: negative energy resistance 1, electricity resistance, unbreathing,
petrification resistance, rot immunity, subdued magic 1, sturdy frame 1, AC +4
a: no special abilities


You were on level 2 of the Dungeon.
You were not hungry.

You visited 1 branch of the dungeon, and saw 3 of its levels.

You collected 145 gold pieces.

Inventory:

Hand Weapons
 a - a +0 dagger
 f - a +0 whip (weapon)
 j - a +0 hand axe
 m - a +0 dagger of freezing
 n - a +3 dagger
Missiles
 b - 156 stones (quivered)
Armour
 c - a +0 robe
 i - a +1 ring mail (worn)
 s - a +0 chain mail
Jewellery
 h - a +4 ring of strength {unknown}
 q - an uncursed ring of protection from magic {unknown}
 u - an uncursed amulet of faith {unknown}
Wands
 k - a wand of flame (28)
Scrolls
 g - 4 scrolls of identify
 l - 4 scrolls of remove curse {unknown}
 p - a scroll of teleportation
 r - a scroll of amnesia
Potions
 t - 2 potions of flight
Books
 e - a book of Geomancy

   Spells                             Type                      Level
   a - Sandblast                      Earth                        1
   b - Passwall                       Transmutation/Earth          2
   c - Stone Arrow                    Conjuration/Earth            3
   d - Petrify                        Transmutation/Earth          4
   e - Lee's Rapid Deconstruction     Earth                        5
Comestibles
 d - 12 rations


   Skills:
 - Level 0.4 Fighting
 - Level 1.6 Maces & Flails
 - Level 3.0 Armour
 - Level 1.5 Dodging
 - Level 2.1 Stealth
 - Level 2.0 Spellcasting
   Level 0.7 Transmutations
 + Level 5.2 Earth Magic


You had 7 spell levels left.
You knew the following spells:

 Your Spells              Type           Power        Failure   Level  Hunger
a - Sandblast             Erth           ##....       2%          1    #......


Dungeon Overview and Level Annotations

Branches:
Dungeon (3/15)

Altars:
Kikubaaqudgha
Qazlal
Ru
Trog
Uskayaw
The Shining One

Annotations:
D:2 Grinder
D:3 exclusion: upstairs


Innate Abilities, Weirdness & Mutations

You are resistant to torment.
Your stone body is resilient. (AC +4)
You are immune to poison.
You resist negative energy. (rN+)
You are resistant to electric shocks. (rElec)
You can survive without breathing.
You are immune to petrification.
You are immune to rotting.
Your spells are a little easier to cast, but a little less powerful.
Your movements are slightly less encumbered by armour. (ER -2)


Message History

You can move again.
There is a stone staircase leading up here.
Grinder hits you but does no damage.
You climb upwards.
There is a stone staircase leading down here.
You closely miss Grinder.
Grinder says, "Just stop there for a second..."
Grinder hits you!
You writhe in agony.
Grinder blinks!
There is a stone staircase leading down here.
Grinder blinks!
Grinder completely misses you. Grinder gestures at you.
You suddenly lose the ability to move!
Grinder hits you.
You writhe in agony.
* * * LOW HITPOINT WARNING * * *
Grinder hits you!
* * * LOW HITPOINT WARNING * * *
Grinder hits you.
You die...

#....# #####.....
#.##.############ ###........#
#.##............####........###
#.......#######...........###
##########[.######§....########
###........................
###..................#.......
##....)......5###...###.......
##.....#####..@#E#...#E#.....##
##....###
#.....###...###....... ##...###
##.............####.#. #...##
#........_....# #.## ...##
##.###.........# #.## ..## #..#
####...#######..# .## #.##
#E#...#E##...... ## ###
###...###..###.# ##.........#..


You could see a water elemental and Grinder.

Vanquished Creatures
  6 adders
  An ooze (D:3)
  4 dart slugs
  2 leopard geckos
  4 orcs
  4 giant cockroaches
  2 goblins
  8 hobgoblins
  2 quokkas
  2 ball pythons (D:3)
  8 bats
  2 frilled lizards
  9 kobolds
  8 rats
62 creatures vanquished.

Notes
Turn   | Place    | Note
-------+----------+-------------------------------------------
     0 | D:1      | Gartch5 the Gargoyle Earth Elementalist began the quest for the Orb.
     0 | D:1      | Reached XP level 1. HP: 10/10 MP: 3/3
   589 | D:1      | Reached skill level 1 in Armour
   663 | D:1      | Reached XP level 2. HP: 16/16 MP: 5/5
  1483 | D:2      | Noticed a water elemental
  1510 | D:2      | Reached skill level 1 in Maces & Flails
  1609 | D:2      | Found a stormy altar of Qazlal.
  1619 | D:2      | Noticed an earth elemental
  1619 | D:2      | Noticed an air elemental
  1619 | D:2      | Noticed a fire elemental
  1651 | D:2      | Reached XP level 3. HP: 20/20 MP: 6/6
  1713 | D:2      | Found a hide-covered altar of Uskayaw.
  1904 | D:2      | Gained mutation: Your spells are a little easier to cast, but a little less powerful. [potion of mutation]
  1904 | D:2      | Gained mutation: Your movements are slightly less encumbered by armour. (ER -2) [potion of mutation]
  1913 | D:2      | HP: 1/20 [bat (1)]
  1951 | D:1      | HP: 1/20 [adder (2)]
  2517 | D:2      | Reached XP level 4. HP: 24/24 MP: 7/7
  2728 | D:2      | Found a sacrificial altar of Ru.
  2806 | D:2      | Reached skill level 4 in Earth Magic
  3597 | D:3      | Found a bloodstained altar of Trog.
  3787 | D:3      | Found a glowing golden altar of the Shining One.
  3788 | D:3      | Noticed an ogre
  3873 | D:3      | Reached XP level 5. HP: 28/28 MP: 8/8
  3890 | D:3      | Reached skill level 5 in Earth Magic
  3928 | D:3      | Found an ancient bone altar of Kikubaaqudgha.
  4150 | D:3      | Noticed Grinder
  4155 | D:3      | Paralysed by Grinder for 4 turns
  4421 | D:3      | Paralysed by Grinder for 2 turns
  4433 | D:3      | Paralysed by Grinder for 6 turns
  4450 | D:2      | Paralysed by Grinder for 7 turns
  4453 | D:2      | HP: 1/28 [Grinder (7)]
  4454 | D:2      | Slain by Grinder

Skill      XL: |  1  2  3  4  5 |
---------------+----------------+-----
Armour         | 1 2 3 |  3.0
Maces & Flails | 1 |  1.6
Earth Magic    | 4 5 |  5.2
Fighting       | |  0.4
Dodging        | |  1.5
Stealth        | |  2.1
Spellcasting   | |  2.0
Transmutations | |  0.7

Action                   |  1- 3 |  4- 6 || total
-------------------------+-------+-------++-------
Melee: Dagger            |    53 |       ||    53
       Whip              |   153 |   191 ||   344
Throw: Stone             |       |     1 ||     1
 Cast: Sandblast         |       |    16 ||    16
  Use: Scroll            |     6 |     1 ||     7
       Potion            |     3 |       ||     3
 Stab: Sleeping          |     2 |       ||     2
  Eat: Chunk             |     5 |     7 ||    12
Armor: Ring mail         |   156 |    67 ||   223
       Robe              |     2 |       ||     2
Dodge: Dodged            |   174 |   118 ||   292
